[Event "ESCC-65 2022"]
[Site "Lublin"]
[Date "2022.07.10"]
[Round "6.3"]
[White "Syre, Christian"]
[Black "Bogdanov, Valentin"]
[Result "0-1"]
[ECO "A45"]
[WhiteElo "2243"]
[BlackElo "2333"]
[Annotator "RC"]
[PlyCount "112"]
[EventDate "2022.07.05"]
[EventType "swiss"]
[EventCountry "POL"]
[SourceTitle "playchess.com"]
[Source "ChessBase"]
[SourceQuality "1"]
[TimeControl "40/5400+30:1800+30"]

1. d4 Nf6 2. Bg5 c6 3. Nf3 Ne4 4. Bf4 d5 5. e3 Bg4 6. Be2 e6 7. h3 Bh5 8. Nbd2 Nxd2 9. Qxd2 Bd6 10. O-O Bxf4 11. exf4 Bxf3 12. Bxf3 O-O 13. Rfe1 Nd7 14. Re2 Nb6 15. Qd3 Qf6 16. f5 exf5 17. Rae1 Nc4 18. b3 Nd6 19. c4 Ne4 20. cxd5 cxd5 21. Rc2 Rac8 22. Rec1 Rc6 23. Rxc6 bxc6 24. Rc2 g6 25. g3 Re8 26. Bg2 h5 27. Re2 Re6 28. h4 Qe7 29. Bxe4 fxe4 30. Qe3 Kg7 31. Rc2 Rf6 32. f4 Qa3 33. Qc1 Qa6 34. Qf1 Qb6 35. Qf2 Re6 36. Qe3 a5 37. a3 Re8 38. Kf2 Rb8 39. Rc3 Qb7 40. Qd2 Qd7 41. Qd1 Qh3 42. Kg1 Qe6 43. Qc1 c5 44. Qd2 Qf6 45. dxc5 d4 46. Rc4 Rxb3 47. Qxd4 Rxg3+ 48. Kf2 Qxd4+ 49. Rxd4 Rc3 50. Rxe4 Rxc5 51. Re5 Rxe5 52. fxe5 a4 53. Kg3 f6 54. exf6+ Kxf6 55. Kf4 g5+ 56. hxg5+ Kg6 0-1

[Event "ESCC-65 2022"]
[Site "Lublin"]
[Date "2022.07.10"]
[Round "6.4"]
[White "Malesevic, Nedeljko"]
[Black "Biro, Sandor"]
[Result "1-0"]
[ECO "D96"]
[WhiteElo "2228"]
[BlackElo "2116"]
[Annotator "RC"]
[PlyCount "65"]
[EventDate "2022.07.05"]
[EventType "swiss"]
[EventCountry "POL"]
[SourceTitle "playchess.com"]
[Source "ChessBase"]
[SourceQuality "1"]
[TimeControl "40/5400+30:1800+30"]

1. d4 Nf6 2. Nf3 g6 3. c4 Bg7 4. Nc3 d5 5. Qb3 dxc4 6. Qxc4 O-O 7. Bf4 Na6 8. Rd1 Be6 9. Qa4 Nd5 10. Be5 Nxc3 11. bxc3 Qd5 12. Bxg7 Kxg7 13. Rd2 Bd7 14. Qa3 c5 15. e3 c4 16. Ne5 Bb5 17. f3 f6 18. Qxe7+ Kh8 19. e4 Qg8 20. Ng4 Rf7 21. Qd6 Rd8 22. Qf4 Qf8 23. Be2 h5 24. Ne3 Qa3 25. Qh6+ Kg8 26. Qxg6+ Rg7 27. Qxf6 Rd6 28. Qe5 Qxc3 29. Nf5 Rxg2 30. Qxb5 Qc1+ 31. Rd1 Qc3+ 32. Kf1 Rxe2 33. Qe8+ 1-0

[Event "ESCC-65 2022"]
[Site "Lublin"]
[Date "2022.07.10"]
[Round "6.5"]
[White "Chapman, Terry P D"]
[Black "Stebbings, Anthony J"]
[Result "1/2-1/2"]
[ECO "A45"]
[WhiteElo "2207"]
[BlackElo "2283"]
[Annotator "RC"]
[PlyCount "47"]
[EventDate "2022.07.05"]
[EventType "swiss"]
[EventCountry "POL"]
[SourceTitle "playchess.com"]
[Source "ChessBase"]
[SourceQuality "1"]
[TimeControl "40/5400+30:1800+30"]

1. d4 Nf6 2. g3 e6 3. Bg2 c5 4. Nf3 cxd4 5. Nxd4 d5 6. O-O e5 7. Nb3 Be7 8. c4 d4 9. e3 Bg4 10. Qd2 Nc6 11. exd4 exd4 12. h3 Be6 13. Rd1 Bxc4 14. Nxd4 Nxd4 15. Qxd4 Qxd4 16. Rxd4 Ba6 17. Nc3 O-O 18. Rd1 Rad8 19. Be3 b6 20. a4 Rxd1+ 21. Rxd1 Rd8 22. Rxd8+ Bxd8 23. b4 Bc4 24. Bc6 1/2-1/2

[Event "ESCC-65 2022"]
[Site "Lublin"]
[Date "2022.07.10"]
[Round "6.6"]
[White "Sokolowski, Ryszard"]
[Black "Schulz, Michael"]
[Result "0-1"]
[ECO "A67"]
[WhiteElo "2050"]
[BlackElo "2217"]
[Annotator "RC"]
[PlyCount "120"]
[EventDate "2022.07.05"]
[EventType "swiss"]
[EventCountry "POL"]
[SourceTitle "playchess.com"]
[Source "ChessBase"]
[SourceQuality "1"]
[TimeControl "40/5400+30:1800+30"]

1. d4 Nf6 2. c4 c5 3. d5 e6 4. Nc3 exd5 5. cxd5 d6 6. e4 g6 7. f4 Bg7 8. Bb5+ Nfd7 9. Bd3 Qh4+ 10. g3 Qd8 11. Nf3 O-O 12. O-O Re8 13. Kg2 Na6 14. Re1 Nf6 15. h3 c4 16. Bxc4 Bxh3+ 17. Kxh3 Qc8+ 18. Kg2 Qxc4 19. Nd2 Qd3 20. Qe2 Nc5 21. Qxd3 Nxd3 22. Re2 Rac8 23. Kf3 b5 24. a3 a6 25. Nb3 Nd7 26. Re3 N7c5 27. Nxc5 Nxc5 28. Ne2 Na4 29. Rb1 Rc2 30. b3 Nc5 31. g4 Nxe4 32. g5 f5 33. gxf6 Nxf6 34. Rxe8+ Nxe8 35. Be3 Rb2 36. Rc1 Rxb3 37. Rc8 Kf8 38. f5 Bh6 39. Nf4 Bxf4 40. Kxf4 gxf5 41. Bc1 Rd3 42. Kxf5 Rxd5+ 43. Ke6 Re5+ 44. Kd7 h5 45. Bf4 Re7+ 46. Kc6 Kf7 47. Kb6 Re4 48. Bh2 Rh4 49. Bg1 Rg4 50. Bh2 Rc4 51. Ra8 Ra4 52. Rxa6 Rh4 53. Bg1 Rg4 54. Be3 b4 55. Ra7+ Ke6 56. axb4 Rxb4+ 57. Kc6 Rc4+ 58. Kb6 Nf6 59. Bg5 Nd5+ 60. Kb5 Rc5+ 0-1

[Event "ESCC-65 2022"]
[Site "Lublin"]
[Date "2022.07.10"]
[Round "6.7"]
[White "Chubar, Vladimir"]
[Black "Neumann, Joachim"]
[Result "1/2-1/2"]
[ECO "D02"]
[WhiteElo "1809"]
[BlackElo "2082"]
[Annotator "NA RC"]
[PlyCount "96"]
[EventDate "2022.07.05"]
[EventType "swiss"]
[EventCountry "POL"]
[SourceTitle "playchess.com"]
[Source "ChessBase"]
[SourceQuality "1"]
[TimeControl "40/5400+30:1800+30"]

1. d4 Nf6 2. Nf3 d5 3. Bf4 c5 4. e3 Nc6 5. c3 Qb6 6. Qc1 Bf5 7. Nbd2 cxd4 8. exd4 Rc8 9. a3 h6 10. h3 e6 11. Be2 Be7 12. b4 O-O 13. Qb2 a5 14. O-O axb4 15. axb4 Ra8 16. Rxa8 Rxa8 17. Ra1 Rxa1+ 18. Qxa1 Qa7 19. Qb2 Qa4 $11 20. g4 Be4 21. Nxe4 Nxe4 22. Kg2 b5 23. Bd3 Nd6 24. Qe2 Nc4 25. g5 hxg5 26. Nxg5 Bxg5 27. Bxg5 Nd6 28. Bf4 Ne4 29. Bxb5 Nxc3 30. Bxa4 Nxe2 31. Bxc6 Nxf4+ 32. Kf3 Nd3 33. b5 Nb4 34. Bb7 Kf8 35. Kg4 Ke7 36. f4 Nc2 37. b6 Nxd4 38. f5 Nxf5 39. Bxd5 Ne3+ 40. Kf3 Kd6 41. Bxe6 fxe6 42. Kxe3 Kc6 43. Ke4 Kxb6 44. Ke5 Kc7 45. Kxe6 Kd8 46. Kf7 g5 47. Kf8 Kd7 48. Kf7 Kd8 1/2-1/2

[Event "ESCC-65 2022"]
[Site "Lublin"]
[Date "2022.07.10"]
[Round "6.8"]
[White "Rak, Tomasz"]
[Black "Stokes, Michael"]
[Result "1-0"]
[ECO "D02"]
[WhiteElo "1887"]
[BlackElo "2024"]
[Annotator "NA RC"]
[PlyCount "104"]
[EventDate "2022.07.05"]
[EventType "swiss"]
[EventCountry "POL"]
[SourceTitle "playchess.com"]
[Source "ChessBase"]
[SourceQuality "1"]
[TimeControl "40/5400+30:1800+30"]

1. Nf3 Nf6 2. d4 d5 3. Bf4 e6 4. Nbd2 b6 5. e3 Bd6 6. Bg3 Bb7 7. Ne5 O-O 8. c3 c5 9. Bd3 Nc6 10. f4 Ne7 11. Bf2 Ne4 12. Nxe4 dxe4 13. Bc2 Rc8 14. Qh5 cxd4 15. exd4 f6 16. Ng4 Bxf4 17. O-O g6 18. Qh3 Nf5 19. Rae1 Nd6 20. Bh4 g5 21. Rxf4 gxf4 22. Rf1 Nf5 23. Rxf4 Rc7 24. Bb3 Nxd4 25. cxd4 Qxd4+ 26. Qe3 Rc1+ 27. Rf1 Rxf1+ 28. Kxf1 Qxe3 29. Nxe3 Bc8 30. g4 Kg7 31. Bg3 Rd8 32. Be1 Kg6 33. Kf2 f5 34. gxf5+ exf5 35. Kg3 b5 36. Kf4 Rd6 37. Bc3 a6 38. h4 Rd3 39. Bc2 Rd8 40. Bd1 Be6 41. h5+ Kf7 42. a3 Bc4 43. Kxf5 Bd5 44. h6 Kg8 45. Bc2 Bc6 46. Bb4 Kf7 47. Bb3+ Ke8 48. Be6 Rd3 49. Kf4 Kd8 50. Bf5 Ke8 51. Bxh7 Kf7 52. Bf5 Ke8 1-0

[Event "ESCC-65 2022"]
[Site "Lublin"]
[Date "2022.07.10"]
[Round "6.9"]
[White "Gasik, Piotr"]
[Black "Olszowski, Andrzej"]
[Result "0-1"]
[ECO "A11"]
[WhiteElo "1990"]
[BlackElo "1600"]
[Annotator "NA RC"]
[PlyCount "142"]
[EventDate "2022.07.05"]
[EventType "swiss"]
[EventCountry "POL"]
[SourceTitle "playchess.com"]
[Source "ChessBase"]
[SourceQuality "1"]
[TimeControl "40/5400+30:1800+30"]

1. c4 c6 2. e4 e5 3. Nf3 d6 4. d4 Bg4 5. Nc3 Nd7 6. Be3 Ngf6 7. Be2 Be7 8. O-O O-O 9. Qd2 Qc7 10. Rac1 Rfe8 11. d5 c5 12. Ne1 Bxe2 13. Qxe2 Bf8 14. Nd3 a6 15. f3 Rab8 16. Nf2 b5 17. cxb5 axb5 18. Nxb5 Qa5 19. Nc3 Qb4 20. Nd3 Qa5 21. b3 Nb6 22. Nb2 Nfd7 23. Rc2 Rec8 24. Bd2 Be7 25. Rfc1 Ra8 26. g3 Rcb8 27. Kg2 Qa6 28. Kf1 Qc8 29. Kg2 Qb7 30. Be3 f5 31. Rd1 fxe4 32. fxe4 Nf6 33. Kg1 Qd7 34. Kg2 Ng4 35. Bg1 Rf8 36. h3 Nf6 37. b4 cxb4 38. Bxb6 bxc3 39. Rxc3 Rxa2 40. Rd2 Qe8 41. Qc4 Ra1 42. Rf2 Qg6 43. Re3 Qg5 44. Ref3 Qc1 45. Qxc1 Rxc1 46. Re2 Rb8 47. Be3 Rb1 48. Rff2 Nxe4 49. Ba7 Rb7 50. Rxe4 R1xb2 51. Ra4 Rxf2+ 52. Kxf2 Rb5 53. Kf3 Rxd5 54. Ke4 Rb5 55. Be3 Kf7 56. Ra6 Ke6 57. g4 Rb4+ 58. Kf3 h6 59. Ke2 e4 60. Bc5 Rc4 61. Ba3 Rc3 62. h4 Rxa3 63. Rxa3 Bxh4 64. Ra7 Bf6 65. Ra8 Ke5 66. Re8+ Kf4 67. Re6 Be5 68. Rg6 d5 69. Kd2 d4 70. Ke2 d3+ 71. Kd2 Bf6 0-1

[Event "ESCC-65 2022"]
[Site "Lublin"]
[Date "2022.07.10"]
[Round "6.10"]
[White "Sciupokas, Arunas"]
[Black "Krupa, Jerzy"]
[Result "1/2-1/2"]
[ECO "B40"]
[WhiteElo "1960"]
[BlackElo "1771"]
[Annotator "NA RC"]
[PlyCount "93"]
[EventDate "2022.07.05"]
[EventType "swiss"]
[EventCountry "POL"]
[SourceTitle "playchess.com"]
[Source "ChessBase"]
[SourceQuality "1"]
[TimeControl "40/5400+30:1800+30"]

1. e4 c5 2. Nf3 e6 3. c3 Nf6 4. e5 Nd5 5. d4 cxd4 6. cxd4 b6 7. a3 Be7 8. Bd3 Ba6 9. O-O O-O 10. b4 Bxd3 11. Qxd3 d6 12. Nc3 Nxc3 13. Qxc3 Nd7 14. exd6 Bxd6 15. Bg5 Be7 16. Bxe7 Qxe7 17. Rac1 Nf6 18. Qc6 Rad8 19. Rc2 h6 20. Rfc1 Nd5 21. Qa4 Qb7 22. b5 Rc8 23. Rc6 Ne7 24. Rxc8 Rxc8 25. Qd1 Qd5 26. Rxc8+ Nxc8 27. a4 Nd6 28. Ne5 Nf5 29. Nc6 Qe4 30. g3 a6 31. Qf1 a5 32. Qd1 Kf8 33. h3 Qd5 34. Qd3 g6 35. Qa3+ Kg7 36. Qc3 h5 37. h4 f6 38. Qb2 Qe4 39. Qd2 Qb1+ 40. Kg2 Qb3 41. Qf4 Qd5+ 42. Kg1 Qd6 43. Qe4 Kf7 44. Kf1 Qd5 45. Qf4 Qd6 46. Qe4 Qd5 47. Qf4 1/2-1/2

[Event "ESCC-65 2022"]
[Site "Lublin"]
[Date "2022.07.10"]
[Round "6.11"]
[White "Wagner-Michel, Annett"]
[Black "Sosnowska, Elzbieta"]
[Result "0-1"]
[ECO "C44"]
[WhiteElo "2056"]
[BlackElo "1726"]
[Annotator "NA RC"]
[PlyCount "94"]
[EventDate "2022.07.05"]
[EventType "swiss"]
[EventCountry "POL"]
[SourceTitle "playchess.com"]
[Source "ChessBase"]
[SourceQuality "1"]
[TimeControl "40/5400+30:1800+30"]

1. e4 e5 2. Nf3 Nc6 3. d4 exd4 4. Nxd4 Nge7 5. Bc4 Nxd4 6. Qxd4 Nc6 7. Qe3 Qf6 8. Nc3 Bb4 9. Bd2 O-O 10. O-O-O d6 11. Nd5 Bxd2+ 12. Rxd2 Qd8 13. f4 Ne7 14. Nc3 Be6 15. Be2 f6 16. g4 Qe8 17. h4 Qc6 18. h5 h6 19. Rg1 Qc5 20. Qg3 Kh8 21. Bd3 $14 a6 22. Rdg2 b5 23. g5 hxg5 24. e5 dxe5 25. fxg5 f5 26. g6 e4 27. Be2 f4 28. Nxe4 Qxg1+ 29. Rxg1 fxg3 30. Rxg3 Nf5 31. Rg5 Nd4 32. Bd3 Rf5 33. c3 Rxg5 34. Nxg5 Bf5 35. Bf1 Ne6 36. Nf7+ Kg8 37. Bg2 Re8 38. Bd5 Kf8 39. Bc6 Re7 40. a4 bxa4 41. Bxa4 Nf4 42. Ng5 Nxh5 43. Nh7+ Kg8 44. Bb3+ Kh8 45. Bf7 Nf4 46. Nf8 Re1+ 47. Kd2 Re2+ 0-1

[Event "ESCC-65 2022"]
[Site "Lublin"]
[Date "2022.07.10"]
[Round "6.12"]
[White "Hewson, Brian W R"]
[Black "Severcan, Sedat Sabri"]
[Result "1-0"]
[ECO "D35"]
[WhiteElo "2049"]
[BlackElo "1849"]
[Annotator "NA RC"]
[PlyCount "93"]
[EventDate "2022.07.05"]
[EventType "swiss"]
[EventCountry "POL"]
[SourceTitle "playchess.com"]
[Source "ChessBase"]
[SourceQuality "1"]
[TimeControl "40/5400+30:1800+30"]

1. d4 Nf6 2. c4 e6 3. Nc3 d5 4. cxd5 exd5 5. Bg5 Be7 6. e3 O-O 7. Bd3 h6 8. Bh4 c6 9. Nge2 b5 10. O-O Bb7 11. Rc1 Nbd7 12. Bb1 Re8 13. Re1 $11 Nf8 14. Bg3 Bd6 15. Bxd6 Qxd6 16. Nf4 Bc8 17. Nce2 g5 18. Nd3 Bg4 19. Qc2 Rac8 20. Ng3 Ng6 21. Qc5 Qxc5 22. Nxc5 Nf8 23. Bf5 Rb8 24. Nd3 Rb6 25. Ne5 Bxf5 26. Nxf5 Kh7 27. Nxc6 Ne6 28. Ne5 h5 29. h3 Ne4 30. f3 Nf6 31. g4 h4 32. Nxf7 a5 33. Rc2 Nd7 34. Rec1 Kg6 35. N7d6 Reb8 36. Rc8 Kf6 37. Rxb8 Rxb8 38. Kf2 b4 39. b3 a4 40. Ke2 axb3 41. axb3 Ra8 42. Rc8 Ra2+ 43. Kd3 Ndf8 44. Rb8 Rf2 45. Rb7 Rxf3 46. Rf7+ Kg6 47. Ne7+ 1-0

[Event "ESCC-65 2022"]
[Site "Lublin"]
[Date "2022.07.10"]
[Round "6.13"]
[White "Praszak, Michal"]
[Black "Berkley, Stephen W"]
[Result "1-0"]
[ECO "E10"]
[WhiteElo "2048"]
[BlackElo "1525"]
[Annotator "NA RC"]
[PlyCount "61"]
[EventDate "2022.07.05"]
[EventType "swiss"]
[EventCountry "POL"]
[SourceTitle "playchess.com"]
[Source "ChessBase"]
[SourceQuality "1"]
[TimeControl "40/5400+30:1800+30"]

1. d4 e6 2. c4 Nf6 3. Nf3 c5 4. d5 exd5 5. cxd5 d6 6. h3 a6 7. a4 g6 8. Nc3 Bg7 9. Bg5 Nbd7 10. e3 O-O 11. Be2 Re8 12. O-O Qc7 13. Nd2 b6 14. Rc1 Bb7 15. e4 Rac8 16. b3 h6 17. Be3 (17. Bh4 $16) 17... Ne5 18. f4 Ned7 19. Bf2 g5 20. g3 gxf4 21. gxf4 Kh8 22. Bf3 Rg8 23. Kh2 Rce8 24. Nc4 Qb8 25. Re1 $16 Ba8 26. Bg3 b5 27. axb5 axb5 28. Nxb5 Qxb5 29. Nxd6 Qb4 30. Rc4 Qb6 31. Nxf7+ 1-0

[Event "ESCC-65 2022"]
[Site "Lublin"]
[Date "2022.07.10"]
[Round "6.14"]
[White "Gromowski, Stanislaw"]
[Black "Kasprzyk, Irena"]
[Result "1-0"]
[ECO "B50"]
[WhiteElo "1613"]
[BlackElo "2017"]
[Annotator "NA RC"]
[PlyCount "65"]
[EventDate "2022.07.05"]
[EventType "swiss"]
[EventCountry "POL"]
[SourceTitle "playchess.com"]
[Source "ChessBase"]
[SourceQuality "1"]
[TimeControl "40/5400+30:1800+30"]

1. e4 c5 2. Nf3 d6 3. Bc4 e5 4. c3 Be7 5. d3 Nf6 6. O-O O-O 7. Re1 Nc6 8. Nbd2 h6 9. Bb3 Be6 10. Bc2 Qc7 11. Nf1 Rfe8 12. Ng3 Bf8 13. h3 g6 14. Be3 d5 15. exd5 Nxd5 16. Bd2 Bg7 17. Qc1 Kh7 18. Qd1 Rad8 19. Nh2 f5 20. h4 b6 21. h5 g5 22. a3 Rf8 23. Nf3 Qe7 24. Qe2 Bd7 25. Rad1 Rde8 26. Bc1 Kh8 27. Qd2 Nf4 28. d4 cxd4 29. cxd4 Qf7 30. dxe5 Bc8 31. Qc3 Ne7 32. Rd6 Nxh5 33. Bb3 1-0

[Event "ESCC-65 2022"]
[Site "Lublin"]
[Date "2022.07.10"]
[Round "6.15"]
[White "Plesiuk, Jan"]
[Black "Patola, Eero"]
[Result "1-0"]
[ECO "A81"]
[WhiteElo "1573"]
[BlackElo "1810"]
[Annotator "NA RC"]
[PlyCount "65"]
[EventDate "2022.07.05"]
[EventType "swiss"]
[EventCountry "POL"]
[SourceTitle "playchess.com"]
[Source "ChessBase"]
[SourceQuality "1"]
[TimeControl "40/5400+30:1800+30"]

1. d4 f5 2. g3 Nf6 3. Bg2 g6 4. c4 Bg7 5. Nc3 d6 6. f4 c6 7. Nf3 O-O 8. b3 Na6 9. O-O c5 10. e3 h6 11. Bb2 Bd7 12. Nh4 Qe8 13. Bxb7 Nc7 14. Bxa8 Nxa8 15. Qd2 Nc7 16. Rad1 Na6 17. d5 Kh7 18. Nf3 Nc7 19. Rfe1 Qf7 20. e4 fxe4 21. Nxe4 Nxe4 22. Rxe4 Bg4 23. Rf1 e5 24. dxe6 Nxe6 25. Bxg7 Qxg7 26. Qxd6 Rd8 27. Qe5 Qb7 28. Nh4 Bh3 29. Rfe1 g5 30. Nf5 Nd4 31. Nxd4 cxd4 32. Qf6 Rd7 33. Re7+ 1-0

[Event "ESCC-65 2022"]
[Site "Lublin"]
[Date "2022.07.11"]
[Round "7.1"]
[White "Renman, Nils-Gustaf"]
[Black "Malesevic, Nedeljko"]
[Result "1-0"]
[ECO "D00"]
[WhiteElo "2311"]
[BlackElo "2228"]
[Annotator "ChessBase"]
[PlyCount "83"]
[EventDate "2022.07.05"]
[EventType "swiss"]
[EventCountry "POL"]
[SourceTitle "playchess.com"]
[Source "ChessBase"]
[SourceQuality "1"]
[TimeControl "40/5400+30:1800+30"]

1. d4 d5 2. Bf4 c6 3. e3 Qb6 4. Qc1 Bf5 5. c4 Nf6 6. Nc3 dxc4 7. Bxc4 e6 8. Nf3 Be7 9. O-O O-O 10. Re1 Nbd7 11. e4 Bg4 12. Be3 Qa5 13. Nd2 b5 14. Bb3 e5 15. f3 exd4 16. Bxd4 Bc5 17. Bxc5 Nxc5 18. Bc2 Qb6 19. Kh1 Be6 20. b4 Ncd7 21. e5 Nd5 22. Nxd5 cxd5 23. Nb3 Rac8 24. Qd2 Rc4 25. Bd3 Rc7 26. Nd4 a6 27. a4 Kh8 28. Bf1 Qb8 29. axb5 axb5 30. Bxb5 Nb6 31. f4 Nc4 32. Qf2 Bd7 33. Bxd7 Rxd7 34. b5 Rb7 35. Ra6 Qc7 36. Rea1 Qc5 37. Qg1 Nd2 38. Ra8 Rbb8 39. Rxb8 Rxb8 40. Nc6 Qxb5 41. Nxb8 Qxb8 42. Qa7 1-0

[Event "ESCC-65 2022"]
[Site "Lublin"]
[Date "2022.07.11"]
[Round "7.2"]
[White "Bogdanov, Valentin"]
[Black "Lederman, Leon"]
[Result "1/2-1/2"]
[ECO "D52"]
[WhiteElo "2333"]
[BlackElo "2213"]
[Annotator "ChessBase"]
[PlyCount "28"]
[EventDate "2022.07.05"]
[EventType "swiss"]
[EventCountry "POL"]
[SourceTitle "playchess.com"]
[Source "ChessBase"]
[SourceQuality "1"]
[TimeControl "40/5400+30:1800+30"]

1. d4 d5 2. c4 e6 3. Nc3 Nf6 4. Bg5 c6 5. e3 Nbd7 6. Nf3 Qa5 7. cxd5 Nxd5 8. Qd2 Bb4 9. Rc1 h6 10. Bh4 O-O 11. a3 Bd6 12. Bd3 Nxc3 13. Rxc3 e5 14. O-O Re8 1/2-1/2

[Event "ESCC-65 2022"]
[Site "Lublin"]
[Date "2022.07.11"]
[Round "7.3"]
[White "Petran, Peter"]
[Black "Schulz, Michael"]
[Result "1-0"]
[ECO "A00"]
[WhiteElo "2234"]
[BlackElo "2217"]
[Annotator "ChessBase"]
[PlyCount "79"]
[EventDate "2022.07.05"]
[EventType "swiss"]
[EventCountry "POL"]
[SourceTitle "playchess.com"]
[Source "ChessBase"]
[SourceQuality "1"]
[TimeControl "40/5400+30:1800+30"]

1. g3 e5 2. Bg2 Nf6 3. c4 d5 4. cxd5 Nxd5 5. Nc3 Nb6 6. d3 Be7 7. Be3 O-O 8. Nf3 Nc6 9. O-O Be6 10. a3 a5 11. Rc1 f5 12. Na4 e4 13. Ne1 Nd5 14. Bd2 Nf6 15. Nc5 Bxc5 16. Rxc5 Nd4 17. Bc3 b6 18. Bxd4 Qxd4 19. Rc3 c5 20. Nc2 Qa4 21. Ne3 Qxd1 22. Rxd1 Rad8 23. dxe4 fxe4 24. Rxd8 Rxd8 25. f3 a4 26. fxe4 Rd2 27. Rc2 Rd4 28. Kf2 Bb3 29. Rc3 Rd2 30. Rd3 Rxb2 31. e5 Ne8 32. Bc6 Bf7 33. Rd8 Kf8 34. Nf5 Bh5 35. g4 Bxg4 36. Rxe8+ Kf7 37. Nd6+ Kg6 38. Be4+ Kh5 39. Bd3 b5 40. Bxb5 1-0

[Event "ESCC-65 2022"]
[Site "Lublin"]
[Date "2022.07.11"]
[Round "7.4"]
[White "Biro, Sandor"]
[Black "Dobosz, Henryk"]
[Result "1-0"]
[ECO "C47"]
[WhiteElo "2116"]
[BlackElo "2354"]
[Annotator "ChessBase"]
[PlyCount "79"]
[EventDate "2022.07.05"]
[EventType "swiss"]
[EventCountry "POL"]
[SourceTitle "playchess.com"]
[Source "ChessBase"]
[SourceQuality "1"]
[TimeControl "40/5400+30:1800+30"]

1. e4 e5 2. Nf3 Nc6 3. Nc3 Nf6 4. g3 Bc5 5. Bg2 d6 6. d3 a6 7. Be3 Ba7 8. O-O O-O 9. Qd2 h6 10. Rae1 Be6 11. Nh4 Nd4 12. Nd5 Ng4 13. c3 Nxe3 14. fxe3 Nc6 15. Nf5 Bxd5 16. exd5 Ne7 17. g4 Bb6 18. Kh1 c5 19. dxc6 bxc6 20. Nxe7+ Qxe7 21. Bxc6 Ra7 22. Qg2 Bd8 23. Re2 Qc7 24. Bd5 Bh4 25. Qe4 Qd8 26. b4 Kh8 27. c4 Qb6 28. a3 Re7 29. Rf3 g6 30. Rc2 a5 31. c5 dxc5 32. Rxc5 axb4 33. Rc6 Qd8 34. axb4 Bg5 35. Qc4 Qd7 36. Rxg6 Rd8 37. Bxf7 Qb7 38. e4 Rf8 39. Bd5 Qb8 40. Rxf8+ 1-0

[Event "ESCC-65 2022"]
[Site "Lublin"]
[Date "2022.07.11"]
[Round "7.5"]
[White "Stebbings, Anthony J"]
[Black "Syre, Christian"]
[Result "1-0"]
[ECO "B06"]
[WhiteElo "2283"]
[BlackElo "2243"]
[Annotator "ChessBase"]
[PlyCount "74"]
[EventDate "2022.07.05"]
[EventType "swiss"]
[EventCountry "POL"]
[SourceTitle "playchess.com"]
[Source "ChessBase"]
[SourceQuality "1"]
[TimeControl "40/5400+30:1800+30"]

1. e4 d6 2. d4 g6 3. Nc3 Bg7 4. Be3 Nc6 5. Nge2 e5 6. h3 a6 7. a4 Bd7 8. g4 exd4 9. Nxd4 Nxd4 10. Bxd4 Bxd4 11. Qxd4 Qf6 12. Qe3 Ne7 13. Bc4 O-O 14. g5 Qg7 15. O-O-O Be6 16. Nd5 Nxd5 17. Bxd5 Rfe8 18. h4 Bxd5 19. Rxd5 Re6 20. f3 b5 21. a5 c6 22. Rd4 d5 23. Qd3 dxe4 24. Rxe4 Rxe4 25. Qxe4 Qf8 26. Qxc6 Rc8 27. Qe4 Qd8 28. Rd1 Qxa5 29. Kb1 Qc7 30. f4 Qc4 31. Rd4 Qc5 32. h5 gxh5 33. f5 Qc7 34. g6 hxg6 35. fxg6 Rf8 36. Rd5 Qh2 37. Rg5 Qd6 1-0

[Event "ESCC-65 2022"]
[Site "Lublin"]
[Date "2022.07.11"]
[Round "7.6"]
[White "Olszowski, Andrzej"]
[Black "Chapman, Terry P D"]
[Result "0-1"]
[ECO "A41"]
[WhiteElo "1600"]
[BlackElo "2207"]
[Annotator "ChessBase"]
[PlyCount "74"]
[EventDate "2022.07.05"]
[EventType "swiss"]
[EventCountry "POL"]
[SourceTitle "playchess.com"]
[Source "ChessBase"]
[SourceQuality "1"]
[TimeControl "40/5400+30:1800+30"]

1. d4 d6 2. Nf3 g6 3. Bg5 h6 4. Bh4 Bg7 5. c3 Nf6 6. Nbd2 g5 7. Bg3 Nh5 8. e4 Nd7 9. Bd3 a6 10. Qe2 Nxg3 11. hxg3 e6 12. Nc4 Qe7 13. e5 d5 14. Ne3 c5 15. a3 c4 16. Bc2 b5 17. g4 Nf8 18. Nf1 Ng6 19. g3 Bd7 20. Ne3 Kd8 21. Kd2 Be8 22. Nh2 f6 23. Bxg6 Bxg6 24. f4 Be4 25. Nf3 fxe5 26. dxe5 Rf8 27. Nd4 Kd7 28. Ng2 Bxg2 29. Qxg2 gxf4 30. Rh5 fxg3 31. Qxg3 Qf7 32. Ke3 Qg6 33. Rd1 Rf7 34. Nf3 Qe4+ 35. Kf2 Raf8 36. Rh3 Bxe5 37. Qg2 Qc2+ 0-1

[Event "ESCC-65 2022"]
[Site "Lublin"]
[Date "2022.07.11"]
[Round "7.7"]
[White "Neumann, Joachim"]
[Black "Rak, Tomasz"]
[Result "1/2-1/2"]
[ECO "A15"]
[WhiteElo "2082"]
[BlackElo "1887"]
[Annotator "ChessBase"]
[PlyCount "126"]
[EventDate "2022.07.05"]
[EventType "swiss"]
[EventCountry "POL"]
[SourceTitle "playchess.com"]
[Source "ChessBase"]
[SourceQuality "1"]
[TimeControl "40/5400+30:1800+30"]

1. c4 Nf6 2. g3 g6 3. Bg2 Bg7 4. Nc3 O-O 5. Nf3 d6 6. d4 a5 7. O-O Na6 8. h3 Nd7 9. e4 e5 10. Be3 c6 11. Re1 Qe7 12. b3 Nc7 13. Qd2 f5 14. dxe5 dxe5 15. Bg5 Qf7 16. Bh6 Bxh6 17. Qxh6 f4 18. Ng5 Qg7 19. Qxg7+ Kxg7 20. gxf4 Rxf4 21. Ne2 Rf8 22. h4 Nc5 23. Rad1 h6 24. Nf3 Nxe4 25. Nxe5 Nxf2 26. Rd6 Rf6 27. Rxf6 Kxf6 28. Nxc6 Nh3+ 29. Kh2 bxc6 30. Bxc6 g5 31. Bxa8 Nxa8 32. hxg5+ Nxg5 33. Rd1 Nc7 34. Rd6+ Nce6 35. c5 Ke5 36. Nc3 Bb7 37. Rb6 Nxc5 38. Rxh6 Kd4 39. Rh4+ Kd3 40. Rc4 Nce6 41. Na4 Ne4 42. Nb2+ Ke2 43. Rc2+ Kf3 44. Nc4 Nd4 45. Rg2 Kf4 46. Rg8 Nf2 47. Rf8+ Nf5 48. Nd6 Ng4+ 49. Kg1 Be4 50. Nxe4 Kxe4 51. Kf1 Nd4 52. Ke1 Kd3 53. Kd1 Kc3 54. Kc1 Ne3 55. Rc8+ Kb4 56. Kd2 Ndf5 57. Ra8 Nd5 58. Rb8+ Kc5 59. Kc2 Nd4+ 60. Kb2 Nc6 61. Rc8 a4 62. Ka3 axb3 63. axb3 Kb5 1/2-1/2

[Event "ESCC-65 2022"]
[Site "Lublin"]
[Date "2022.07.11"]
[Round "7.8"]
[White "Sciupokas, Arunas"]
[Black "Sokolowski, Ryszard"]
[Result "0-1"]
[ECO "B06"]
[WhiteElo "1960"]
[BlackElo "2050"]
[Annotator "ChessBase"]
[PlyCount "115"]
[EventDate "2022.07.05"]
[EventType "swiss"]
[EventCountry "POL"]
[SourceTitle "playchess.com"]
[Source "ChessBase"]
[SourceQuality "1"]
[TimeControl "40/5400+30:1800+30"]

1. e4 g6 2. d4 Bg7 3. Nf3 d6 4. Nc3 a6 5. a4 b6 6. Be3 e6 7. Qd2 h6 8. Bd3 Ne7 9. O-O Bb7 10. Rab1 Nd7 11. b4 g5 12. d5 e5 13. Ne1 Nf6 14. Ne2 Ng6 15. Ng3 Bc8 16. a5 Nf4 17. axb6 cxb6 18. f3 O-O 19. Qf2 b5 20. c4 bxc4 21. Bxc4 Qc7 22. Qa2 Bd7 23. Bxf4 exf4 24. Nf5 Bb5 25. Bxb5 axb5 26. Qf2 Ra3 27. Nxg7 Kxg7 28. Rb2 Qc4 29. Nc2 Rd3 30. Ne1 Rd1 31. Qe2 Qc1 32. Rc2 Qa1 33. Nd3 Qd4+ 34. Nf2 Rxf1+ 35. Kxf1 Qxb4 36. Rb2 Qd4 37. Rxb5 Ra8 38. Rb1 Ra3 39. Nd1 Kg6 40. Nf2 Re3 41. Qc2 Rc3 42. Rd1 Qc5 43. Qe2 Nd7 44. Nd3 Qc4 45. e5 dxe5 46. Qe4+ f5 47. Qxc4 Rxc4 48. Ra1 e4 49. Ra6+ Kf7 50. Rc6 Rd4 51. Nc5 Nxc5 52. Rxc5 h5 53. Rc7+ Kf6 54. h4 gxh4 55. Rh7 Kg6 56. Re7 e3 57. Re6+ Kg5 58. d6 0-1